 Dungeon Crawl Stone Soup version 0.17.1-2-g5865329 (webtiles) character file.

55285 NobbyNobbs the Tortoise (level 14, -5/98 HPs)
             Began as a Gargoyle Fighter on Feb 1, 2016.
             Was the Champion of Okawaru.
             Killed by divine providence
             ... invoked by an orc priest
              (12 damage)
             ... on level 4 of the Orcish Mines.
             The game lasted 00:58:59 (26176 turns).

NobbyNobbs the Tortoise (Gargoyle Fighter)         Turns: 26176, Time: 00:59:00

Health: -5/98      AC: 51    Str: 27    XL:     14   Next: 76%
Magic:  14/14      EV:  6    Int: 11    God:    Okawaru [******]
Gold:   1381       SH: 19    Dex:  9    Spells: 1 memorised, 11 levels left

rFire  . . .     SeeInvis .     c - +12 mace of Truth {drain, *Noise +Blink +Rage MR+}
rCold  + . .     Clarity  .     N - +12 plate armour of the Hills {Str+2 Int+2}
rNeg   + . .     SustAt   +     X - +0 large shield
rPois  ∞         Gourm    .     A - +2 helmet
rElec  +         Spirit   .     f - +2 cloak {rPois}
rCorr  .         Warding  .     p - +0 pair of gloves
rMut   .         Stasis   .     C - +0 pair of boots
MR     ++...                    z - amulet of rage
Stlth  ..........               D - ring of protection from cold
                                x - ring of sustain attributes

@: very resistant to hostile enchantments, extremely unstealthy
A: big wings, slimy green scales 1, negative energy resistance 1, electricity
resistance, unbreathing, petrification resistance, rot immunity, AC +9
a: Fly, Heroism, Finesse, Renounce Religion, Evoke Blink, Evoke Berserk Rage


You were on level 4 of the Orcish Mines.
You worshipped Okawaru.
Okawaru was exalted by your worship.
You were not hungry.

You visited 4 branches of the dungeon, and saw 22 of its levels.
You also visited: Labyrinth and Volcano.

You collected 2656 gold pieces.
You spent 1275 gold pieces at shops.

Inventory:

Hand Weapons
 c - the +12 mace of Truth (weapon) {drain, *Noise +Blink +Rage MR+}
   (You bought it in a shop on level 4 of the Orcish Mines)

   A truly terrible weapon, it drains the life of those it strikes.
   It affects your resistance to hostile enchantments.
   It lets you blink.
   It lets you go berserk.
   It may make noises in combat.
 o - the +8 greatsling of Dissatisfaction {velocity, rN+ MR+}
   (Okawaru gifted it to you on level 1 of the Lair of Beasts)

   Any stone fired from it inflicts extra damage.
   It protects you from negative energy.
   It affects your resistance to hostile enchantments.
 P - the +8 mace "Tuxaufoy" {antimagic, rN++}
   (You found it on level 3 of the Lair of Beasts)

   It disrupts the flow of magical energy around spellcasters and certain
   magical creatures (including the wielder).
   It greatly protects you from negative energy.
Missiles
 M - 6 javelins of penetration (quivered)
Armour
 f - a +2 cloak of poison resistance (worn)
 p - a +0 pair of gloves (worn)
 A - a +2 helmet (worn)
 C - a +0 pair of boots (worn)
 N - the +12 plate armour of the Hills (worn) {Str+2 Int+2}
   (Okawaru gifted it to you on level 7 of the Lair of Beasts)

   It affects your strength (+2).
   It affects your intelligence (+2).
 X - a +0 large shield (worn)
 Z - the +1 scale mail of Ofroa {rElec rCorr MP+9 Str+7}
   (You took it off a minotaur in a labyrinth)

   It affects your strength (+7).
   It insulates you from electricity.
   It affects your magic capacity (+9).
   It protects you from acid and corrosion.
Jewellery
 x - a ring of sustain attributes (left hand)
 z - an amulet of rage (around neck)
 D - a ring of protection from cold (right hand)
Wands
 y - a wand of digging (12)
 I - a wand of disintegration (17)
 K - a wand of digging (14)
Scrolls
 b - a scroll of fog
 d - a scroll of enchant armour
 i - 3 scrolls of amnesia
 j - 2 scrolls of recharging
 s - 2 scrolls of immolation
 w - a scroll of brand weapon {unknown}
 G - a scroll of teleportation
 R - 3 scrolls of identify
 S - 2 scrolls of enchant weapon {unknown}
 T - 3 scrolls of random uselessness {unknown}
 V - a scroll of fear
Potions
 g - 5 potions of lignification
 h - 2 potions of resistance
 m - 2 potions of brilliance
 q - 2 potions of agility
 v - 4 potions of curing
 B - 5 potions of berserk rage
 E - a potion of haste
 J - 4 potions of ambrosia
 Q - a potion of cancellation {unknown}
 W - 4 potions of flight {unknown}
 Y - 2 potions of might
Books
 a - a book of Burglary

   Spells                             Type                      Level
   a - Swiftness                      Charms/Air                   2
   b - Passwall                       Transmutation/Earth          3
   c - Passage of Golubria            Translocation                4
   d - Lee's Rapid Deconstruction     Earth                        5
   e - Darkness                       Hexes                        6
   f - Invisibility                   Hexes                        6
 e - a book of Dreams

   Spells                             Type                      Level
   a - Ensorcelled Hibernation        Hexes/Ice                    2
   b - Phase Shift                    Translocation                5
   c - Shadow Creatures               Summoning                    5
   d - Silence                        Hexes/Air                    5
   e - Darkness                       Hexes                        6
   f - Mass Confusion                 Hexes                        6
 u - a book of Transfigurations

   Spells                             Type                      Level
   a - Stoneskin                      Transmutation/Earth          2
   b - Irradiate                      Conjuration/Transmutation    5
   c - Statue Form                    Transmutation/Earth          6
   d - Hydra Form                     Transmutation                6
   e - Dragon Form                    Transmutation                7
 H - a book of Clouds

   Spells                             Type                      Level
   a - Mephitic Cloud                 Conjuration/Poison/Air       3
   b - Conjure Flame                  Conjuration/Fire             3
   c - Poisonous Cloud                Conjuration/Poison/Air       6
   d - Freezing Cloud                 Conjuration/Ice/Air          6
   e - Ring of Flames                 Charms/Fire                  7
Comestibles
 k - 4 beef jerkies
 l - 6 meat rations
 F - 2 royal jellies
 L - 7 fruits
 O - a slice of pizza
 U - 7 bread rations


   Skills:
 * Level 15.4 Fighting
 * Level 9.6 Maces & Flails
   Level 2.0 Polearms
 * Level 16.1 Armour
 - Level 0.1 Dodging
 + Level 12.4 Shields


You had 11 spell levels left.
You knew the following spells:

 Your Spells              Type           Power        Failure   Level  Hunger
a - Stoneskin             Trmt/Erth      #.......     100%        2    ###....


Dungeon Overview and Level Annotations

Branches:
Dungeon (10/15)            Temple (1/1) D:4            Lair (7/8) D:8
  Swamp (0/4) Lair:3        Snake (0/4) Lair:6          Orc (4/4) D:9
    Elf (0/3) Orc:3
  Slime: Lair:6-8

Altars:
Dithmenos
Elyvilon
Fedhas
Gozag
Makhleb
Nemelex Xobeh
Okawaru
Qazlal
Ru
Sif Muna
Trog
Vehumet
Xom
Yredelemnul
Zin
The Shining One
Beogh

Shops:
D:10 *   Orc:4 ?*(

Annotations:
D:2 exclusion: oklob plant
D:3 Sigmund
Lair:7 Snorg
Orc:3 Sonja


Innate Abilities, Weirdness & Mutations

You are resistant to torment.
Your stone body is resilient (AC +9).
You are immune to poison.
Your large and strong wings let you fly indefinitely.
You resist negative energy.
You are resistant to electric shocks.
You can survive without breathing.
You are immune to petrification.
You are immune to rotting.
You are partially covered in slimy green scales (AC +2).


Message History

The tomahawk hits you but does no damage.
You see here a tomahawk.
The orc priest calls upon Beogh to heal the orc warrior.
The orc warrior's wounds heal themselves!
The orc warrior throws a tomahawk.
You block the tomahawk.
You see here a tomahawk.
The orc wizard casts a cantrip, but nothing happens.
The orc priest mumbles some strange prayers to Beogh against you.
Something smites you!
* * * LOW HITPOINT WARNING * * *
The orc priest calls down the wrath of Beogh upon you.
Something smites you!
* * * LOW HITPOINT WARNING * * *
The orc priest calls down the wrath of Beogh upon you.
Something smites you!
* * * LOW HITPOINT WARNING * * *
The orc warrior throws a tomahawk.
You block the tomahawk.
The orc priest mumbles some strange prayers to Beogh against you.
Something smites you!
You die...

#...............§§8.§............
................§§§§§§§..........
#...##..........§§§§§§§o.........
##.##............§§§.§.........
##.#...#..............o.......
#...#.#.#.....................
##................o...........
#...................o........
##.##.........@o...ooo.......
#....#.........o.(o(oo.o.....
##......#.........o).........
##..................)........
#............................
##.#.........................
##..........................
#...........................
##..#.##..#..#.#.#..#....#.


You could see an orc knight, an orc warrior (frenzied), 8 orc priests, an orc
wizard (frenzied) and 2 orcs.

Vanquished Creatures
  Rupert (Orc:3)
  A minotaur (Lab)
  The ghost of Faustar the Cleaver, a journeyman DDFi of Makhleb (Lair:2)
  An ice dragon (Lair:7)
  Harold (D:10)
  6 hydras
  5 death yaks
  Urug (Volcano)
  Nergalle (D:10)
  Pikel (D:5)
  An orc knight (Orc:1)
  2 griffons
  The ghost of NobbyNobbs the Fighter, a novice GrFi of Okawaru (D:8)
  An orc sorcerer (Orc:3)
  17 elephants
  Maurice (Orc:1)
  Joseph (D:7)
  2 black mambas (Lair:2)
  Psyche (D:8)
  7 komodo dragons
  6 spiny frogs
  3 trolls
  A two-headed ogre (D:9)
  15 blink frogs
  3 polar bears
  4 fire drakes
  3 spriggans (Lair:3)
  40 yaks
  5 fire bats (Volcano)
  A wyvern (D:9)
  A mottled dragon (Lair:6)
  7 hippogriffs
  A steam dragon (D:10)
  16 wolves
  4 nagas (Lair:6)
  2 hungry ghosts (D:10)
  5 wargs
  10 water moccasins
  2 ice beasts (D:8)
  13 orc warriors
  A phantom (D:7)
  5 sky beasts
  10 porcupines
  2 necrophages
  2 black bears (Lair:3)
  A centaur (D:7)
  11 crocodiles
  3 ogres
  Blork the orc (D:5)
  22 giant frogs
  A gnoll sergeant (D:9)
  A wyvern skeleton (D:9)
  3 scorpions
  3 killer bees (D:7)
  An electric eel (Lair:1)
  3 quasits
  7 hounds
  10 wights
  4 jellies
  8 crimson imps
  18 orc priests
  6 lava snakes (Volcano)
  A centaur skeleton (D:7)
  3 centaur zombies
  Crazy Yiuf (D:3)
  A gnoll shaman (D:4)
  3 giant frog skeletons
  11 iguanas
  6 worker ants
  21 orc wizards
  5 sheep
  2 killer bee zombies
  A hound zombie (D:4)
  2 hound skeletons
  17 gnolls
  Robin (D:3)
  51 river rats
  4 worker ant zombies
  8 adders
  3 shadow imps
  An ooze (D:1)
  5 adder skeletons
  4 adder zombies
  3 worms
  6 giant geckos
  135 orcs
  2 ball pythons
  14 bats
  5 giant cockroaches
  20 hobgoblins
  11 kobolds
  7 quokkas
  A giant cockroach zombie (D:4)
  A giant gecko skeleton (D:4)
  2 giant gecko zombies
  11 giant newts
  14 goblins
  18 jackals
  A jackal skeleton (D:6)
  A quokka skeleton (D:4)
  2 quokka zombies
  15 rats
  A spectral orc (D:2)
739 creatures vanquished.

Vanquished Creatures (others)
  Erica (D:10)
  54 fungi
  21 plants
76 creatures vanquished.

Grand Total: 815 creatures vanquished

Notes
Turn   | Place    | Note
--------------------------------------------------------------
     0 | D:1      | NobbyNobbs the Gargoyle Fighter began the quest for the Orb.
     0 | D:1      | Reached XP level 1. HP: 14/14 MP: 1/1
   199 | D:1      | Reached XP level 2. HP: 17/19 MP: 2/2
   474 | D:1      | Reached XP level 3. HP: 22/24 MP: 3/3
  1073 | D:2      | Reached skill level 4 in Fighting
  1153 | D:2      | Reached XP level 4. HP: 26/29 MP: 4/4
  1198 | D:2      | Found a sparkling altar of Nemelex Xobeh.
  1302 | D:2      | Found a basalt altar of Yredelemnul.
  1510 | D:2      | Found a blossoming altar of Fedhas.
  1563 | D:2      | Reached XP level 5. HP: 34/34 MP: 5/5
  1658 | D:2      | Noticed an oklob plant
  1803 | D:3      | Found a shimmering altar of Xom.
  2051 | D:3      | Reached skill level 5 in Fighting
  2051 | D:3      | Reached skill level 5 in Armour
  2079 | D:3      | Reached XP level 6. HP: 37/40 MP: 6/6
  2291 | D:3      | Noticed Sigmund
  2381 | D:2      | Noticed a sky beast
  2428 | D:2      | Killed a sky beast
  2428 | D:2      | Reached skill level 6 in Fighting
  2670 | D:3      | Noticed Robin
  2697 | D:3      | Killed Robin
  2892 | D:3      | Noticed Crazy Yiuf
  2904 | D:3      | Killed Crazy Yiuf
  2904 | D:3      | Reached XP level 7. HP: 43/47 MP: 7/7
  3384 | D:4      | Found a stormy altar of Qazlal.
  3498 | D:4      | Found a shadowy altar of Dithmenos.
  3626 | D:4      | Found a staircase to the Ecumenical Temple.
  3638 | Temple   | Entered the Ecumenical Temple
  3691 | Temple   | Became a worshipper of Warmaster Okawaru
  3847 | D:4      | Found a glowing drain.
  3914 | D:4      | Reached skill level 7 in Fighting
  4328 | D:5      | Entered Level 5 of the Dungeon
  4730 | D:5      | Noticed Pikel
  4784 | D:5      | Killed Pikel
  4784 | D:5      | Reached * piety under Okawaru
  4784 | D:5      | Reached skill level 8 in Fighting
  4784 | D:5      | Reached XP level 8. HP: 40/55 MP: 8/8
  4942 | D:5      | Noticed Blork the orc
  4954 | D:5      | Killed Blork the orc
  5569 | D:6      | Reached skill level 9 in Fighting
  5680 | D:6      | Reached XP level 9. HP: 60/60 MP: 9/9
  5740 | D:6      | Reached skill level 1 in Maces & Flails
  5806 | D:6      | Found a sacrificial altar of Ru.
  5864 | D:6      | Reached ** piety under Okawaru
  6277 | D:7      | Reached skill level 10 in Armour
  6377 | D:7      | Reached *** piety under Okawaru
  6377 | D:7      | Reached skill level 10 in Fighting
  6827 | D:7      | Noticed Joseph
  6857 | D:7      | Killed Joseph
  6857 | D:7      | Reached XP level 10. HP: 4/68 MP: 10/10
  7207 | D:7      | Reached skill level 11 in Armour
  7761 | D:8      | Found a bloodstained altar of Trog.
  7867 | D:8      | Found a staircase to the Lair.
  7888 | D:8      | Reached **** piety under Okawaru
  7941 | D:8      | Found an opulent altar of Gozag.
  8042 | D:8      | Noticed NobbyNobbs's ghost (novice GrFi)
  8243 | D:8      | Killed NobbyNobbs's ghost
  8243 | D:8      | Reached skill level 12 in Armour
  8319 | D:8      | Noticed Psyche
  8395 | D:8      | Killed Psyche
  9109 | D:9      | Reached ***** piety under Okawaru
  9154 | D:9      | Found a staircase to the Orcish Mines.
  9210 | D:9      | Found a white marble altar of Elyvilon.
  9444 | D:9      | Found a radiant altar of Vehumet.
  9488 | D:10     | Entered Level 10 of the Dungeon
  9499 | D:10     | Noticed Erica
  9506 | D:10     | Noticed Harold
  9514 | D:10     | Received a gift from Okawaru
  9514 | D:10     | Reached XP level 11. HP: 68/76 MP: 11/11
  9521 | D:10     | Killed Erica
  9735 | D:10     | Killed Harold
  9735 | D:10     | Reached skill level 13 in Armour
  9996 | D:10     | Noticed Nergalle
 10045 | D:10     | Killed Nergalle
 10271 | D:10     | Found Biroum's Assorted Antiques.
 11045 | D:10     | Reached skill level 5 in Shields
 11180 | Orc:1    | Entered Level 1 of the Orcish Mines
 11232 | Orc:1    | Noticed Maurice
 11424 | Lair:1   | Entered Level 1 of the Lair of Beasts
 11493 | Lair:1   | Received a gift from Okawaru
 12188 | Lair:1   | Got a transparent greatsling {god gift}
 12189 | Lair:1   | Identified the +8 greatsling of Dissatisfaction {velocity, rN+ MR+} (Okawaru gifted it to you on level 1 of the Lair of Beasts)
 12899 | Lair:1   | Reached skill level 14 in Armour
 13311 | Lair:1   | Noticed an eight-headed hydra
 13332 | Lair:1   | Killed an eight-headed hydra
 13332 | Lair:1   | Reached XP level 12. HP: 32/84 MP: 12/12
 13931 | Lair:2   | Noticed a four-headed hydra
 13950 | Lair:1   | Killed a four-headed hydra
 13954 | Lair:2   | Noticed Faustar's ghost (journeyman DDFi)
 14346 | Lair:1   | Noticed a six-headed hydra
 14698 | Lair:2   | Received a gift from Okawaru
 14802 | Lair:2   | Killed Faustar's ghost
 15396 | Lair:3   | Got a fine mace
 15397 | Lair:3   | Identified the +8 mace "Tuxaufoy" {antimagic, rN++} (You found it on level 3 of the Lair of Beasts)
 15691 | Lair:3   | Found a basalt altar of Yredelemnul.
 15900 | Lair:3   | Found a staircase to the Swamp.
 17052 | Lair:4   | Reached skill level 15 in Armour
 17301 | Lair:4   | Noticed an eight-headed hydra
 17319 | Lair:4   | Killed an eight-headed hydra
 17693 | Lair:4   | Reached XP level 13. HP: 90/90 MP: 4/13
 17756 | Lair:4   | Reached skill level 5 in Maces & Flails
 18252 | Lair:5   | Found a labyrinth entrance.
 18261 | Lab      | Entered a labyrinth
 18347 | Lab      | Noticed a minotaur
 18365 | Lab      | Killed a minotaur
 18368 | Lab      | Got a fine scale mail
 18393 | Lab      | Identified the cursed +1 scale mail of Ofroa {rElec rCorr MP+9 Str+7} (You took it off a minotaur in a labyrinth)
 18605 | Lair:4   | Reached ****** piety under Okawaru
 18895 | Lair:4   | Reached skill level 10 in Shields
 18917 | Lair:4   | Received a gift from Okawaru
 19192 | Lair:5   | Gained mutation: You are partially covered in slimy green scales (AC +2). [potion of mutation]
 19192 | Lair:5   | Gained mutation: Armour fits poorly on your strangely shaped body. [potion of mutation]
 19192 | Lair:5   | Gained mutation: You can breathe flames. [potion of mutation]
 19193 | Lair:5   | Lost mutation: You can breathe flames. [potion of cure mutation]
 19193 | Lair:5   | Lost mutation: Armour fits poorly on your strangely shaped body. [potion of cure mutation]
 19685 | Lair:5   | Received a gift from Okawaru
 20274 | Lair:5   | Gained mutation: Your large and strong wings let you fly indefinitely. [Gargoyle growth]
 20274 | Lair:5   | Reached XP level 14. HP: 49/96 MP: 7/14
 20679 | Lair:6   | Reached skill level 15 in Fighting
 21226 | Lair:6   | Found a staircase to the Snake Pit.
 21752 | Lair:6   | Learned a level 2 spell: Stoneskin
 22698 | Lair:7   | Received a gift from Okawaru
 22728 | Lair:7   | Got a dazzling plate armour {god gift}
 22740 | Lair:7   | Identified the +12 plate armour of the Hills {Str+2 Int+2} (Okawaru gifted it to you on level 7 of the Lair of Beasts)
 23118 | Lair:7   | Noticed Snorg
 23764 | Orc:1    | Killed Maurice
 23971 | Orc:1    | Noticed an orc knight
 23985 | Orc:1    | Killed an orc knight
 24058 | Orc:2    | Found a roughly hewn altar of Beogh.
 24145 | Orc:3    | Reached skill level 16 in Armour
 24307 | Orc:4    | Entered Level 4 of the Orcish Mines
 24329 | Orc:4    | Found Qoarusk's Weapon Boutique.
 24414 | Orc:2    | Found a dark tunnel.
 24419 | Volcano  | Entered a volcano
 24596 | Volcano  | Found a radiant altar of Vehumet.
 24596 | Volcano  | Noticed Urug
 24610 | Volcano  | Killed Urug
 25126 | Orc:3    | Found a staircase to the Elven Halls.
 25140 | Orc:3    | Noticed Sonja
 25596 | Orc:3    | Noticed Rupert
 25645 | Orc:3    | Killed Rupert
 25795 | Orc:4    | Found Jutwel's Magic Scroll Emporium.
 25795 | Orc:4    | Found Duoclac's General Store.
 25823 | Orc:4    | Bought the +12 mace of Truth {drain, *Noise +Blink +Rage MR+} for 1275 gold pieces
 25897 | Orc:4    | Found a burning altar of Makhleb.
 26176 | Orc:4    | Killed from afar by an orc priest

Action                   |  1- 3 |  4- 6 |  7- 9 | 10-12 | 13-15 || total
-------------------------+-------+-------+-------+-------+-------++-------
Melee: Trident           |   159 |   432 |   655 |  1461 |       ||  2707
       Whip              |       |       |   223 |   100 |       ||   323
       Mace              |       |       |       |   281 |  1301 ||  1582
 Abil: Fly               |       |       |       |       |     1 ||     1
       Stop Flying       |       |       |       |       |     1 ||     1
  Use: Scroll            |       |       |     9 |    18 |     6 ||    33
       Potion            |       |       |     1 |     3 |     6 ||    10
  Eat: Chunk             |     1 |     7 |    14 |    31 |    30 ||    83
       Pizza             |       |       |       |     1 |       ||     1
       Bread ration      |       |       |       |     6 |       ||     6
       Beef jerky        |       |       |       |     2 |     1 ||     3
